 Dungeon Crawl Stone Soup version 0.28-a0-1038-g9c4cb8273d (webtiles) character file.

Game seed: 1575217688982574581

78 bande the Covered (level 4, 0/29 HPs)
             Began as a Gargoyle Fighter on Dec 8, 2021.
             Killed by divine providence
             ... invoked by an orc priest
              (11 damage)
             ... on level 2 of the Dungeon.
             The game lasted 00:02:01 (1518 turns).

bande the Covered (Gargoyle Fighter)                Turns: 1518, Time: 00:02:02

Health: 0/29       AC: 10    Str: 19    XL:     4   Next: 36%
Magic:  4/4        EV:  9    Int: 15    God:
Gold:   58         SH:  4    Dex: 11    Spells: 3/3 levels left

rFire   . . .      SeeInvis .   a - +0 war axe
rCold   . . .      Faith    .   c - +0 buckler
rNeg    + . .      Spirit   .   b - +0 scale mail
rPois   ∞          Reflect  .   (no helmet)
rElec   +          Harm     .   (no cloak)
rCorr   .          Rampage  .   (no gloves)
Will    .....                   (no boots)
Stlth   ..........              (no amulet)
HPRegen 0.09/turn               h - +6 ring of intelligence
MPRegen 0.09/turn               (no ring)

@: no status effects
A: sickness immunity, AC +3, negative energy resistance 1, electricity
resistance, torment resistance 1, petrification resistance
a: no special abilities


You were on level 2 of the Dungeon.
You visited 1 branch of the dungeon, and saw 2 of its levels.

You collected 58 gold pieces.

Inventory:

Hand Weapons
 a - a +0 war axe (weapon)
Armour
 b - a +0 scale mail (worn)
 c - a +0 buckler (worn)
Jewellery
 h - a +6 ring of intelligence (left hand)
Scrolls
 f - a scroll of immolation {unknown}
 j - a scroll of identify {unknown}
Potions
 d - a potion of might
 e - a potion of degeneration {unknown}
 g - a potion of curing
 i - a potion of flight {unknown}


   Skills:
 + Level 3.7 Fighting
 + Level 2.7 Axes
 + Level 4.0 Armour
 - Level 0.1 Dodging
 + Level 3.8 Shields


You had 3 spell levels left.
You didn't know any spells.
Your spell library contained the following spells:

 Spells                   Type           Power      Damage    Failure   Level
 Ozocubu's Armour         Ice            0%         N/A       93%         3
 Ozocubu's Refrigeration  Ice            0%         4d5       100%        7


Dungeon Overview and Level Annotations

Branches:
Dungeon (2/15)

Altars:


Innate Abilities, Weirdness & Mutations

You are immune to sickness and miasma.
Your stone body is resilient. (AC +3)
You are immune to poison.
You resist negative energy. (rN+)
You are resistant to electric shocks. (rElec)
You are resistant to unholy torment.
You are immune to petrification.


Message History

An orc priest comes into view. It is wielding a +0 hand axe.
The orc priest shouts!
An orc wizard comes into view. It is wielding a +0 dagger.
The orc wizard shouts!
The orc wizard casts a spell.
The orc wizard flickers and vanishes!
Deactivating autopickup; reactivate with Ctrl-A.
The orc wizard closely misses you.
You hit the orc wizard.
The orc wizard is lightly wounded.
The orc wizard hits you but does no damage.
You barely miss the orc wizard.
The orc wizard is lightly wounded.
The orc wizard points at you and mumbles some strange words.
You resist with some effort.
The orc wizard hits you with a +0 dagger.
You slash the orc wizard!
The orc wizard is severely wounded.
The orc priest looks braver for a moment.
You hit the orc.
The orc is moderately wounded.
The orc hits you with a +0 whip.
The orc wizard gestures at you while chanting.
The puff of flame hits you.
You are too injured to fight recklessly!
You are too injured to fight recklessly!
You are too injured to fight recklessly!
You are too injured to fight recklessly!
You are too injured to fight recklessly!
You are too injured to fight recklessly!
You are too injured to fight recklessly!
The orc priest mumbles some strange prayers to Beogh against you.
Beogh smites you!
* * * LOW HITPOINT WARNING * * *
The orc wizard mumbles some strange words.
The orc wizard flickers and vanishes!
It was a potion of curing.
You feel better.
The orc priest calls down the wrath of Beogh upon you.
Beogh smites you!
You die...

#.....†....##.# .#
#<.........##.##.###
#.#######..........#
#.# #........#.# #.#
##.##.#### #.#
#.##.# #.# #.##.#
#(# #.#$.# #.#@##
#.#o# #.{........
#.#o###.... #...o ..
. ).. ####.## #.#
#.#


You could see an orc priest and 2 orcs.

Vanquished Creatures
  A gnoll (D:1)
  2 adders (D:2)
  3 ball pythons
  2 bats (D:1)
  4 endoplasms
  3 giant cockroaches
  4 goblins (D:1)
  6 hobgoblins
  8 jackals (D:1)
  2 quokkas (D:2)
  3 frilled lizards (D:1)
  2 kobolds (D:1)
  5 rats
45 creatures vanquished.

Notes
Turn   | Place    | Note
-------+----------+-------------------------------------------
     0 | D:1      | bande the Gargoyle Fighter began the quest for the Orb.
     0 | D:1      | Reached XP level 1. HP: 14/14 MP: 1/1
    79 | D:1      | Reached XP level 2. HP: 9/19 MP: 2/2
   427 | D:1      | Reached XP level 3. HP: 21/23 MP: 3/3
  1056 | D:2      | Found a faded altar of an unknown god.
  1099 | D:2      | Reached XP level 4. HP: 18/29 MP: 4/4
  1378 | D:2      | Reached skill level 4 in Armour
  1518 | D:2      | Killed from afar by an orc priest

Illustrated notes

Levels and vault maps discovered:
D:1:      dpeg_arrival_round_b, layout_rooms
D:2:      layout_loops_ring, basic_ecumenical_altar

Skill      XL: |  1  2  3  4 |
---------------+-------------+-----
Axes           | 2 |  2.7
Armour         | 4 |  4.0
Fighting       | |  3.7
Dodging        | |  0.1
Shields        | |  3.8

Action                   |  1- 3 |  4- 6 || total
-------------------------+-------+-------++-------
Melee: War axe           |    90 |    26 ||   116
  Use: Scroll            |     3 |       ||     3
       Potion            |       |     1 ||     1
Armor: Scale mail        |    64 |    18 ||    82
Dodge: Dodged            |    44 |     8 ||    52
Block: Buckler           |    31 |     9 ||    40

Table legend: (Time is in decaauts)
 A = Elapsed time spent in this place.
 B = Non-inter-level travel time spent in this place.
 C = Inter-level travel time spent in this place.
 D = Time resting spent in this place.
 E = Time spent auto-exploring this place.
 F = Levels seen in this place.
 G = Mean time per level.
                   A        B        C        D        E       F      G
               +--------+--------+--------+--------+--------+-----+--------+
         Total |   1563 |   1563 |      0 |    211 |   1035 |   2 |  781.5 |
       Dungeon |   1563 |   1563 |      0 |    211 |   1035 |   2 |  781.5 |
               +--------+--------+--------+--------+--------+-----+--------+

Top non-repeatable levels by time:
     D:1: 946 daAuts
     D:2: 617 daAuts
